Map: Thunderbird LE

Players

SmiLe - Winner!

  • Race: Terran Terran
  • League: Gold
  • Spawn Location: 11:00

Takker

  • Race: Protoss Protoss
  • Spawn Location: 5:00

VOD

Have the link to the VOD?

Description

Time

  • Played on: May 26, 2019, 6:03 p.m.
  • Length: 5:29
Show
View Real Time Build Order
Export as new Build Order

SmiLe Terran - Winner!

Build Orders:  

Get SALT Encoding   

  12  0:03  SCV  
  13  0:15  SCV  
  14  0:22  Supply Depot  
  14  0:29  Supply Depot  
  14  0:34  SCV  
  15  1:12  Barracks  
  15  1:45  Barracks  
  15  1:47  Barracks  
  15  1:59  Orbital Command  
  15  2:01  Marine  
  16  2:19  Marine  
  17  2:36  Barracks  
  17  2:37  Marine  
  17  2:38  Marine, Barracks  
  17  2:39  Marine  
  20  2:55  Marine  
  20  2:56  Marine x2  
  23  3:14  Marine x2  
  25  3:27  Marine x2  
  25  3:28  Supply Depot  
  25  3:32  Marine x2  
  29  3:44  Marine  
  29  3:45  Marine  
  31  3:50  Marine x2  
  33  4:02  Marine x2  
  33  4:07  Marine  
  33  4:08  Marine  
  37  4:15  Supply Depot  
  37  4:20  Marine x2  
  39  4:37  Marine x2  
  39  4:38  Marine x2  
  43  4:54  Marine x2  
  43  4:56  Marine x2  
Show
View Real Time Build Order
Export as new Build Order

Takker Protoss 

Build Orders:  

Get SALT Encoding   

  12  0:02  Probe  
  13  0:14  Probe  
  14  0:22  Probe, Pylon  
  15  0:36  Assimilator  
  15  0:44  Gateway  
  15  0:46  Probe  
  16  0:58  Probe  
  16  1:03  Assimilator  
  17  1:07  Probe  
  18  1:15  Probe  
  18  1:25  Probe  
  19  1:31  Zealot  
  22  1:37  Probe  
  23  1:51  Pylon  
  23  1:54  Pylon  
  23  1:58  Pylon  
  23  2:04  Pylon  
  23  2:09  Probe  
  23  2:11  Pylon  
  24  2:19  Pylon  
  24  2:21  Probe  
  25  2:26  Zealot  
  27  2:33  Probe  
  28  2:45  Probe  
  29  2:53  Zealot  
  31  3:13  Nexus  
  31  3:20  Zealot  
  31  3:23  Pylon  
  33  3:27  Probe  
  34  3:47  Zealot  
  36  4:04  Gateway  
  36  4:14  Zealot  
  38  4:18  Cybernetics Core  
  38  4:26  Probe  
  39  4:32  Probe  
  40  4:38  Probe  
  40  4:42  Zealot  
  40  4:43  Assimilator  
  40  4:45  Probe  
  44  4:46  Assimilator  
  44  4:50  Probe  
  41  5:02  Probe  
  36  5:15  Probe  
Tags
 
League
Gold
Matchup
PvT
Replay Pack
Up to May 28th
Spawn Locations
Cross Positions
Add a new tag
Caveats
  • Supply blocks, unpowered buildings, or Contaminate may cause inaccurate times.
  • Supply counts are checked every 10 seconds.